 Dungeon Crawl Stone Soup version 0.30.1-9-gdf580d7c3d (webtiles) character file.

Game seed: 7560256424512418784

4630 Logoto the Cleaver (level 10, -3/88 HPs)
             Began as a Hill Orc Fighter on Oct 16, 2023.
             Was a Priest of Qazlal.
             Killed by divine providence
             ... invoked by an orc priest
              (13 damage)
             ... on level 9 of the Dungeon on Oct 17, 2023.
             The game lasted 00:32:24 (8947 turns).

Logoto the Cleaver (Hill Orc Fighter)               Turns: 8947, Time: 00:32:25

Health: -3/88      AC: 11    Str: 28    XL:     10   Next: 42%
Magic:  10/10      EV:  8    Int: 10    God:    Qazlal [***...]
Gold:   532        SH: 10    Dex: 16    Spells: 9/9 levels left

rFire   . . .        a - +0 war axe
rCold   . . .        c - +0 buckler
rNeg    . . .        i - +0 plate armour
rPois   .            P - +2 hat
rElec   .            e - +0 cloak
rCorr   .            k - +0 pair of gloves
SInv    .            (no boots)
Will    .....        (no amulet) Stlth
                     h - +6 ring of strength
HPRegen 0.34/turn    p - +6 ring of dexterity
MPRegen 0.12/turn

%: no passive effects
@: marked, corroded
A: no striking features
a: Renounce Religion, Convert to Beogh, Upheaval, Elemental Force


You were on level 9 of the Dungeon.
You worshipped Qazlal.
Qazlal was most pleased with you.
You visited 1 branch of the dungeon, and saw 9 of its levels.
You also visited: Ossuary.

You collected 532 gold pieces.

Inventory:

Hand Weapons
 a - a +0 war axe (weapon)
 F - a +1 whip of electrocution
 L - a +1 antimagic spear
Armour
 c - a +0 buckler (worn)
 e - a +0 cloak (worn)
 i - a +0 plate armour (worn)
 k - a +0 pair of gloves (worn)
 P - a +2 hat (worn)
Jewellery
 d - a ring of flight
 h - a +6 ring of strength (left hand)
 p - a +6 ring of dexterity (right hand)
 q - a ring of resist corrosion
 D - a ring of poison resistance
 M - a +4 ring of protection
Wands
 t - a wand of polymorph (4)
 N - a wand of mindburst (16)
 O - a wand of roots (10)
Scrolls
 f - 2 scrolls of identify
 j - a scroll of immolation
 o - a scroll of blinking
 r - a scroll of teleportation
 s - a scroll of magic mapping {unknown}
 v - 2 scrolls of fear
 x - a scroll of fog
 y - a scroll of enchant weapon {unknown}
 E - a scroll of acquirement {unknown}
Potions
 b - a potion of berserk rage {unknown}
 l - 3 potions of heal wounds
 m - 2 potions of magic
 u - 2 potions of curing
 w - 3 potions of brilliance
 z - a potion of invisibility {unknown}
 A - 2 potions of haste
 C - 3 potions of cancellation
 G - 2 potions of lignification
 H - a potion of attraction {unknown}
 I - 2 potions of mutation
 J - 2 potions of flight
 K - 2 potions of ambrosia
 Q - a potion of resistance {unknown}


   Skills:
 + Level 8.0 Fighting
 + Level 11.6(11.9) Axes
 + Level 3.1(7.0) Polearms
 + Level 9.5 Armour
 + Level 1.0 Dodging
 + Level 1.1 Stealth
 + Level 6.6 Shields
 + Level 1.6 Unarmed Combat
 + Level 1.3 Invocations


You had 9 spell levels left.
You didn't know any spells.
Your spell library contained the following spells:

 Spells                   Type           Power      Damage    Failure   Level
 Necrotise                Necr           0%         1d4       98%         1
 Ensorcelled Hibernation  Hex/Ice        0%         N/A       99%         2
 Ignite Poison            Fire/Tmut/Pois 0%         N/A       100%        3
 Spider Form              Tmut/Pois      0%         N/A       100%        3
 Summon Guardian Golem    Hex/Summ       0%         N/A       100%        3
 Anguish                  Hex/Necr       0%         N/A       100%        4
 Manifold Assault         Tloc           0%         N/A       100%        4
 Sticky Flame             Conj/Fire      0%         2d3       100%        4
 Dispersal                Tloc           0%         N/A       100%        6
 Orb of Destruction       Conj           0%         9d5       100%        7
 Spellforged Servitor     Conj/Summ      0%         N/A       100%        7
 Disjunction              Tloc           0%         N/A       100%        8
 Ignition                 Fire           0%         3d3       100%        8


Dungeon Overview and Level Annotations

Branches:
Dungeon (9/15)             Temple (0/1) D:6            Lair (0/5) D:8
Ossuary (visited)
    Orc: D:9-12

Altars:
Ashenzari
Elyvilon
Gozag
Kikubaaqudgha
Makhleb
Nemelex Xobeh
Okawaru
Qazlal
Sif Muna
Vehumet
Wu Jian
Xom
Yredelemnul
Zin

Shops:
D:5 =   D:9 [

Annotations:
D:8 3 transporters
D:9 Harold


Message History

Harold fires a harpoon shot at you. The harpoon shot hits you.
You are yanked forward by the harpoon shot.
The acid dragon spits acid at you. The splash of acid hits you!!
The acid corrodes you! Harold attacks as you move away!
Harold hits you but does no damage. The orc closely misses you.
The orc priest shouts, "Surrender to Beogh and we'll let you live!"
The orc hits you but does no damage. Harold casts a spell at you.
A sentinel's mark forms upon you. Harold fires a harpoon shot at you.
The harpoon shot hits you!!
You are yanked forward by the harpoon shot.
The orc closely misses you.
You closely miss the orc priest. You slash the orc!
You kill the orc!
Qazlal accepts your kill.
You hit Harold but do no damage. You barely miss the acid dragon.
Harold says, "Ah, this is what I got into this business for!"
Harold hits you with a +0 hand axe. You block the orc's attack.
The acid dragon spits acid at you. The splash of acid hits you!!
* * * LOW HITPOINT WARNING * * *
The acid corrodes you!
The acid dragon attacks as you move away!
The acid dragon closely misses you.
The acid dragon claws you but does no damage.
Harold attacks as you move away! Harold completely misses you.
Harold fires a harpoon shot at you. The harpoon shot hits you!
* * * LOW HITPOINT WARNING * * *
You are yanked forward by the harpoon shot.
The acid dragon is engulfed in a thunderstorm.
You block the acid dragon's attack.
The acid dragon claws you but does no damage.
The orc barely misses you.
The orc priest calls down the wrath of Beogh upon you.
Beogh smites you!
You die...

#..# . . #..# #.#
#∩.# ###.. #..#
.....# #..#
....$# ##..####.
...>..##.........
#.)..@........
##.o@D........
##....T........
#..○..o........
##.............
#...o.........
##..(..)......
#.....$#.......
#.##..##.......
#. #... #......


You could see Harold, a troll, an acid dragon (catching breath), 2 orc priests
and an orc.

Vanquished Creatures
  A wyvern (D:7)
  5 yaks (D:8)
  2 steam dragons (D:8)
  Pargi (D:4)
  An ice beast (D:6)
  2 orc warriors
  3 black bears
  An ogre (D:5)
  2 centaurs
  A phantom (D:4)
  4 bullfrogs
  A scorpion (D:4)
  6 water moccasin zombies (Ossuary)
  3 wights (D:7)
  19 killer bees
  7 hounds
  A jelly (D:5)
  3 orc priests
  A gnoll bouda (D:6)
  3 iguanas
  A sleepcap (D:7)
  4 orc wizards
  2 mummies (Ossuary)
  13 gnolls
  5 adders
  A shadow imp (D:7)
  An ufetubus (D:4)
  6 adder zombies (Ossuary)
  A worm (D:5)
  2 dart slugs
  29 orcs
  5 ball pythons
  4 endoplasms
  A giant cockroach (D:4)
  3 gnoll zombies (Ossuary)
  8 goblins
  11 hobgoblins
  A quokka (D:2)
  6 bats
  3 frilled lizards
  A goblin zombie (D:6)
  3 hobgoblin zombies (Ossuary)
  A jackal zombie (D:6)
  4 kobolds
  7 kobold zombies (Ossuary)
  4 orc zombies (Ossuary)
  2 rats (D:2)
196 creatures vanquished.

Notes
Turn   | Place    | Note
-------+----------+-------------------------------------------
     0 | D:1      | Logoto the Hill Orc Fighter began the quest for the Orb.
     0 | D:1      | Reached XP level 1. HP: 19/19 MP: 1/1
   161 | D:1      | Reached XP level 2. HP: 26/27 MP: 2/2
   163 | D:1      | Reached skill level 3 in Axes
   784 | D:2      | You fall into a shaft and drop 2 floors!
   815 | D:3      | Reached XP level 3. HP: 33/33 MP: 3/3
   844 | D:3      | Reached skill level 4 in Axes
   844 | D:3      | Reached XP level 4. HP: 29/40 MP: 4/4
  1094 | D:5      | Entered Level 5 of the Dungeon
  1193 | D:4      | HP: 2/40 [gnoll/+0 spear (3)]
  1196 | D:5      | Reached XP level 5. HP: 4/46 MP: 5/5
  1359 | D:4      | Reached skill level 5 in Axes
  1542 | D:3      | Found a white marble altar of Elyvilon.
  1545 | D:3      | Found a sparkling altar of Nemelex Xobeh.
  1546 | D:3      | Found a shimmering altar of Xom.
  1552 | D:3      | Found a broken altar of Ashenzari.
  1554 | D:3      | Found an iron altar of Okawaru.
  1557 | D:3      | Found an opulent altar of Gozag.
  1560 | D:3      | Found a stormy altar of Qazlal.
  1562 | D:3      | Found a basalt altar of Yredelemnul.
  1564 | D:3      | Found a glowing silver altar of Zin.
  1566 | D:3      | Became a worshipper of Qazlal Stormbringer
  2732 | D:4      | Reached XP level 6. HP: 32/53 MP: 6/6
  2868 | D:4      | Noticed a black bear
  2896 | D:4      | Reached skill level 6 in Axes
  2907 | D:4      | Killed a black bear
  3070 | D:4      | Noticed Pargi
  3077 | D:4      | Killed Pargi
  3077 | D:4      | Reached * piety under Qazlal
  3078 | D:4      | Reached skill level 5 in Armour
  3078 | D:4      | Reached XP level 7. HP: 57/60 MP: 7/7
  3085 | D:4      | Reached skill level 7 in Axes
  3448 | D:5      | Reached skill level 5 in Fighting
  3600 | D:5      | Found Vymiarphie's Jewellery Emporium.
  3875 | D:5      | Reached skill level 5 in Shields
  3875 | D:5      | Reached XP level 8. HP: 68/68 MP: 8/8
  4121 | D:6      | Reached skill level 8 in Axes
  4129 | D:6      | Reached skill level 1 in Stealth
  4196 | D:6      | Found a sand-covered staircase.
  4204 | Ossuary  | Entered an ossuary
  4240 | Ossuary  | Reached skill level 9 in Axes
  4354 | Ossuary  | Reached ** piety under Qazlal
  4456 | D:6      | Reached skill level 10 in Axes
  4746 | D:6      | Reached skill level 1 in Polearms
  4746 | D:6      | Reached XP level 9. HP: 74/75 MP: 3/9
  4775 | D:6      | Found a staircase to the Ecumenical Temple.
  5043 | D:6      | Found an ornate altar of the Wu Jian Council.
  5212 | D:6      | Reached skill level 1 in Invocations
  5212 | D:6      | Found a burning altar of Makhleb.
  7582 | D:8      | Reached skill level 11 in Axes
  7589 | D:8      | Found a transporter.
  7653 | D:8      | Found a transporter.
  7658 | D:8      | Found a transporter.
  7676 | D:8      | Found a staircase to the Lair.
  7707 | D:8      | Reached skill level 1 in Dodging
  7948 | D:8      | Reached XP level 10. HP: 79/84 MP: 10/10
  8111 | D:8      | Reached *** piety under Qazlal
  8378 | D:8      | Found a transporter.
  8417 | D:8      | Identified the +10 short sword of Wyrd {protect, rPois rC+
                  | Int+2}
  8565 | D:8      | Found an ancient bone altar of Kikubaaqudgha.
  8579 | D:8      | Reached skill level 1 in Unarmed Combat
  8611 | D:8      | Found a shimmering blue altar of Sif Muna.
  8612 | D:8      | Found a radiant altar of Vehumet.
  8615 | D:8      | Got Kikubaaqudgha's Book of Blasphemous Deeds
  8803 | D:9      | Found Fyvyiz Nun's Armour Shoppe.
  8825 | D:9      | Noticed Harold
  8947 | D:9      | Killed from afar by an orc priest

Illustrated notes

Levels and vault maps discovered:
D:1:      minmay_arrival_five_plusses, layout_rooms, chequers_big_river,
          hangedman_decor_opposing
D:2:      layout_loops_corners
D:3:      layout_basic, nicolae_overflow_hallway_of_the_gods
D:4:      layout_loops_ring, uniq_pargi
D:5:      layout_rooms, serial_shops, shop
D:6:      layout_cave_pools, makhleb_blood_cavern_becter,
          pdpol_wu_jian_five_deadly_venoms, minmay_temple_entry_junction,
          enter_ossuary_3, corner_web_ring
D:7:      layout_cave_pods, minmay_crystal_room, abandoned_shop,
          kennysheep_generic_room_12
D:8:      layout_cave_pools, grunt_temple_overflow_magic_moments,
          dpeg_oklobed_lair, nicolae_transporter_circle
D:9:      minmay_clustersquares, layout_layer_cave, serial_shops, shop,
          minmay_fractal_squares_gapless_7, uniq_harold

Skill      XL: |  1  2  3  4  5  6  7  8  9 10 |
---------------+-------------------------------+-----
Axes           | 3 4 5 6 7 10 11 | 11.6
Fighting       | 4 5 6 8 |  8.0
Shields        | 4 5 6 |  6.6
Armour         | 4 5 6 9 |  9.5
Stealth        | 1 |  1.1
Polearms       | 1 3 |  3.1
Invocations    | 1 |  1.3
Dodging        | 1 |  1.0
Unarmed Combat | 1 |  1.6

Action                     |  1- 3 |  4- 6 |  7- 9 | 10-12 || total
---------------------------+-------+-------+-------+-------++-------
  Melee: War axe           |    70 |   132 |   296 |   113 ||   611
         Spear             |       |       |   167 |       ||   167
         Unarmed           |       |       |       |    13 ||    13
 Invoke: Upheaval          |       |       |     1 |       ||     1
    Use: Potion            |       |       |     2 |       ||     2
         Scroll            |       |       |       |    15 ||    15
 Armour: Scale mail        |    11 |       |       |       ||    11
         Plate armour      |    32 |   142 |   260 |    58 ||   492
  Dodge: Dodged            |    32 |    73 |   150 |    32 ||   287
  Block: Buckler           |    19 |    39 |   179 |    49 ||   286
